AoeStats
← Toker505

Arabia

510826728Analyzed
1v1 RM · 14h ago on Oct 2, 2026· 32m 38s· 2 players
Game mode
Random Map
Map size
Tiny (2 player)
Population
200
Speed
Normal
Resources
Standard
Victory
Conquest
Starting age
Dark Age
Ending age
Imperial Age
RankedLock teamsTeams togetherTeam positionsShared explorationLock speedFull tech treeHidden civsTurbo modeCheats
Victory
Defeat
🇧🇷 Aztecs · Brazil
960
+16
🇺🇸 Tupi · United States
963
-16
rafaelfhochman
7:52 Loom
10:25 Feudal Age
11:24 Double-Bit Axe
15:38 Forging
19:56 Wheelbarrow
22:23 Castle Age
21:37 Gold Mining
22:15 Horse Collar
23:45 Bow Saw
23:00 Crossbowman
24:25 Padded Archer Armor
25:37 Gold Shaft Mining
25:01 Fletching
26:50 Ballistics
27:27 Bodkin Arrow
27:42 Heavy Plow
33:05 Hand Cart
Toker505
7:48 Loom
11:09 Feudal Age
11:21 Champi Runner
13:44 Arson
15:26 Forging
23:48 Castle Age
21:56 Double-Bit Axe
23:06 Scale Mail Armor
24:36 Squires
24:10 Champi Warrior
24:20 Elite Skirmisher
27:33 Wheelbarrow
27:42 Chain Mail Armor
Connection lost

Rejoining the realm…

Still unreachable

The connection could not be restored.

Session expired

The server has moved on; the page needs a fresh start.